AoeStats
← GustavoSL82

Black Forest

510210871Analyzed
3v3 RM · 1d ago on Sep 30, 2026· 45m 26s· 6 players
Game mode
Random Map
Map size
Normal (6 player)
Population
200
Speed
Normal
Resources
Standard
Victory
Conquest
Starting age
Dark Age
Ending age
Imperial Age
RankedLock teamsTeams togetherTeam positionsShared explorationLock speedFull tech treeHidden civsTurbo modeCheats
Victory
Defeat
🇺🇸 Wu · United States
811
+11
778
+12
🇲🇽 Huns · Mexico
759
+29
🇧🇷 Britons · Brazil
745
-14
🇺🇸 Dravidians · United States
674
-11
🇧🇷 Italians · Brazil
674
-11
Rubens12jack
12:14 Feudal Age
16:39 Castle Age
19:18 Double-Bit Axe
21:17 Bow Saw
22:53 Horse Collar
23:15 Stone Mining
25:20 Heavy Plow
25:28 Gold Mining
26:17 Wheelbarrow
27:14 Husbandry
29:45 Gold Shaft Mining
31:56 Imperial Age
29:32 Marauders
30:44 Forging
30:41 Scale Barding Armor
31:10 Town Watch
32:10 Elite Tarkan
34:56 Chain Barding Armor
35:14 Iron Casting
35:13 Hand Cart
36:09 Town Patrol
37:00 Plate Barding Armor
38:28 Chemistry
38:39 Blast Furnace
37:07 Elite Skirmisher
40:42 Padded Archer Armor
HONOS
0:32 Loom
13:32 Feudal Age
16:21 Arson
20:14 Man-at-Arms
21:56 Forging
22:40 Double-Bit Axe
26:45 Castle Age
28:41 Gold Mining
29:12 Stone Mining
32:17 Gold Shaft Mining
33:55 Wheelbarrow
34:27 Red Cliffs Tactics
36:53 Hand Cart
42:29 Imperial Age
40:38 Fletching
40:50 Padded Archer Armor
40:29 Elite Skirmisher
40:45 Crossbowman
42:08 Caravan
43:40 Arbalester
44:44 Guilds
45:05 Coinage
44:48 Bodkin Arrow
45:29 Iron Casting
44:56 Scale Mail Armor
☯︎ PΔTΔS DΞ STΞΞL ☯
1:03 Loom
16:01 Feudal Age
16:48 Horse Collar
16:54 Double-Bit Axe
19:41 Castle Age
18:23 Forging
18:14 Scale Mail Armor
19:30 Wheelbarrow
19:02 Scale Mail Armor
21:03 Stone Mining
21:10 Gambesons
22:41 Squires
24:44 Bow Saw
26:33 Murder Holes
26:59 Ballistics
27:01 Heavy Plow
27:50 Arson
28:49 Hand Cart
33:15 Imperial Age
33:15 Iron Casting
32:55 Chain Mail Armor
35:03 Blast Furnace
33:29 Elite Varangian Guard
34:28 Gold Mining
35:16 Stone Shaft Mining
35:50 Chemistry
34:17 Capped Ram
35:37 Siege Ram
36:57 Conscription
38:13 Town Watch
37:54 Northmen's Fury
38:14 Hamask
39:11 Caravan
40:07 Elite Jomsviking
Amachali
0:56 Loom
12:35 Feudal Age
13:12 Horse Collar
13:24 Double-Bit Axe
15:18 Wheelbarrow
21:03 Fletching
21:51 Gold Mining
21:54 Stone Mining
24:50 Castle Age
27:24 Caravan
28:48 Bow Saw
29:08 Heavy Plow
33:12 Imperial Age
31:50 Bodkin Arrow
32:08 Forging
31:59 Scale Mail Armor
33:05 Hand Cart
35:10 Chemistry
35:02 Ballistics
34:40 Murder Holes
35:40 Iron Casting
35:40 Chain Mail Armor
37:15 Conscription
39:09 Blast Furnace
38:10 Bracer
38:12 Padded Archer Armor
40:41 Plate Mail Armor
40:16 Siege Elephant
40:28 Elite Skirmisher
41:45 Wootz Steel
43:04 Pikeman
43:45 Squires
GustavoSL82
0:39 Loom
13:00 Feudal Age
14:26 Wheelbarrow
13:40 Double-Bit Axe
18:13 Horse Collar
22:12 Castle Age
22:01 Stone Mining
22:09 Gold Mining
31:08 Imperial Age
29:43 Bow Saw
29:51 Heavy Plow
30:44 Fortified Wall
33:25 Two-Man Saw
34:40 Crop Rotation
35:45 Chemistry
36:14 Silk Road
36:15 Conscription
35:56 Murder Holes
36:59 Stone Shaft Mining
39:55 Hoardings
39:57 Squires
39:43 Arson
DISK PIZZA
13:00 Feudal Age
14:52 Double-Bit Axe
15:30 Horse Collar
21:14 Castle Age
20:09 Stone Mining
20:11 Gold Mining
30:17 Caravan
35:45 Imperial Age
36:12 Gold Shaft Mining
36:41 Bow Saw
36:56 Ballistics
37:37 Chemistry
36:45 Padded Archer Armor
36:36 Fletching
38:40 Conscription
38:40 Yeomen
40:15 Two-Man Saw
39:20 Elite Longbowman
42:45 Leather Archer Armor
42:25 Bodkin Arrow
Connection lost

Rejoining the realm…

Still unreachable

The connection could not be restored.

Session expired

The server has moved on; the page needs a fresh start.